 Dungeon Crawl Stone Soup version 0.32-a0-913-g739538afd8 (webtiles) character file.

Game seed: 5931023234907260157

498 ezpacito the Chopper (level 7, 0/54 HPs)
             Began as a Coglin Chaos Knight on Apr 9, 2024.
             Was a Plaything of Xom.
             Slain by a phantom (5 damage)
             ... on level 3 of the Dungeon.
             The game lasted 00:06:10 (3291 turns).

ezpacito the Chopper (Coglin Chaos Knight)          Turns: 3291, Time: 00:06:11

Health: 0/54       AC: 16    Str: 11 (14) XL:     7   Next: 16%
Magic:  9/9        EV:  1    Int: 11 (12) God:    Xom [...*..]
Gold:   42         SH:  0    Dex: 12 (13) Spells: 8/8 levels left

rFire   . . .        a - +0 hand axe (chaos) {Margit}
rCold   . . .        d - +0 dagger {Santos}
rNeg    . . .        m - +1 plate armour
rPois   .            (no helmet)
rElec   .            i - +2 cloak {Stlth+}
rCorr   .            l - +0 pair of gloves
SInv    .            (no boots)
Will    .....        (amulet unavailable) Stlth
                     (ring unavailable)
HPRegen 0.29/turn    (ring unavailable)
MPRegen 0.11/turn    (no gizmo)

%: no passive effects
@: revving
A: off-hand wielding, slow wielding, warmup strikes, no jewellery
a: Invent Gizmo, Renounce Religion


You were on level 3 of the Dungeon.
You worshipped Xom.
You were a favourite toy of Xom.
You visited 1 branch of the dungeon, and saw 6 of its levels.

You collected 154 gold pieces.
You spent 112 gold pieces at shops.

Inventory:

Hand Weapons
 a - a +0 hand axe of chaos (weapon) {Margit}
 d - a +0 dagger (offhand) {Santos}
 e - a +0 war axe
Missiles
 h - 3 poisoned darts (quivered)
Armour
 i - a +2 cloak of stealth (worn)
 l - a +0 pair of gloves (worn)
 m - a +1 plate armour (worn)
Magical Staves
 r - a staff of air
Wands
 o - a wand of iceblast (6)
Scrolls
 f - 3 scrolls of enchant armour
 p - a scroll of immolation
Potions
 n - a potion of resistance


   Skills:
 * Level 4.1 Fighting
 * Level 4.2(4.6) Axes
 * Level 2.3(3.4) Polearms
 * Level 3.0 Armour
 * Level 2.6 Dodging
 + Level 1.4 Stealth
 + Level 1.3 Spellcasting
 + Level 1.7 Evocations


You had 8 spell levels left.
You didn't know any spells.
Your spell library was empty.

Dungeon Overview and Level Annotations

Branches:
Dungeon (6/15)
 Temple: D:4-7

Altars:
Cheibriados
Dithmenos
Okawaru

Shops:
D:3 [


Innate Abilities, Weirdness & Mutations

You can wield a second weapon in your off-hand.
It takes a long time for you to wield or remove held weapons.
Your first few attacks do less damage.
You cannot equip rings or amulets.


Message History

The orc priest invokes the aid of Beogh against you.
Beogh smites you!
The orc hits your butterfly with a +0 mace.
Your butterfly dies!
Your butterfly disappears in a burst of colours!
The phantom hits you.
The orc completely misses your butterfly.
The howler monkey hoots and howls with incredible vigour!
The iguana bites you!
* * * LOW HITPOINT WARNING * * *
You climb upwards.
There is a stone staircase leading down here.
You take 23 damage, and have 12/54 hp.
MASSIVE DAMAGE!!
Okay, then.
The phantom hits you.
* * * LOW HITPOINT WARNING * * *
The phantom blinks!
You blink.
You take 1 damage, and have 11/54 hp.
The iguana bites you.
* * * LOW HITPOINT WARNING * * *
You take 2 damage, and have 9/54 hp.
You hit the phantom with your +0 dagger.
The phantom is moderately damaged.
You slash the phantom with your +0 hand axe of chaos!
Lightning courses through the phantom! You hit the iguana but do no damage.
The phantom hits you but does no damage.
The iguana bites you.
* * * LOW HITPOINT WARNING * * *
You take 3 damage, and have 6/54 hp.
As you read the scroll of fear, it crumbles to dust.
You assume a fearsome visage.
The phantom is unaffected.
The iguana looks frightened!
The phantom hits you.
* * * LOW HITPOINT WARNING * * *
You take 1 damage, and have 5/54 hp.
You closely miss the phantom with your +0 hand axe of chaos.
The phantom is almost destroyed.
You barely miss the phantom with your +0 dagger.
The phantom hits you.
You die...
Xom yawns loudly!

#############
#...........# #####
##.########.# #....
#.###....#.#########.###
#.....#.................
####..#.#..#########.###
#..#....#########....
#..#@W...............
#..#....#############
#..#.#..#####.#.####
#...§....#.....#.# #.
#...#.##.#.#####.###.
##########.#.....<.#.
#♣.....##.#.###.#.#.
########..≈≈≈..#.#.#
#.#.#.


You could see a phantom and an iguana (fleeing).

Vanquished Creatures
  A sky beast (D:6)
  A black bear (D:5)
  A bullfrog (D:6)
  A scorpion (D:5)
  A bombardier beetle (D:5)
  An orc priest (D:3)
  6 adders
  An adder zombie (D:2)
  An adder skeleton (D:2)
  2 dart slugs
  8 orcs (D:3)
  2 bat skeletons (D:2)
  6 endoplasms
  2 giant cockroaches
  7 hobgoblins
  4 kobolds
  A quokka (D:1)
  4 ball pythons
  4 bats
  4 frilled lizards
  2 goblins
  3 rats (D:1)
63 creatures vanquished.

Notes
Turn   | Place    | Note
-------+----------+-------------------------------------------
     0 | D:1      | ezpacito the Coglin Chaos Knight began the quest for the
                  | Orb.
     0 | D:1      | Reached XP level 1. HP: 18/18 MP: 1/1
   116 | D:1      | Reached skill level 1 in Dodging
   137 | D:1      | Reached XP level 2. HP: 24/24 MP: 2/2
   138 | D:1      | XOM: silly message
   169 | D:1      | XOM: silly message
   525 | D:1      | Reached XP level 3. HP: 25/29 MP: 3/3
   792 | D:2      | XOM: silly message
   943 | D:2      | Found a faded altar of an unknown god.
  1070 | D:2      | Reached skill level 1 in Polearms
  1070 | D:2      | Reached XP level 4. HP: 29/35 MP: 4/4
  1303 | D:2      | XOM: silly message
  1441 | D:2      | XOM: silly message
  1511 | D:3      | Found Afycaugu's Antique Armour Boutique.
  1770 | D:3      | Found a shadowy altar of Dithmenos.
  1775 | D:3      | XOM: silly message
  1782 | D:3      | You fall into a shaft and drop 3 floors!
  1803 | D:6      | Noticed a sky beast
  1812 | D:6      | Killed a sky beast
  1813 | D:6      | Reached skill level 1 in Stealth
  1813 | D:6      | Reached XP level 5. HP: 22/41 MP: 4/6
  1839 | D:6      | Reached skill level 1 in Spellcasting
  1839 | D:6      | Reached skill level 1 in Evocations
  1839 | D:6      | Reached XP level 6. HP: 20/48 MP: 7/7
  1958 | D:5      | Entered Level 5 of the Dungeon
  1964 | D:5      | Noticed a black bear
  1980 | D:5      | Killed a black bear
  2080 | D:5      | Reached XP level 7. HP: 50/54 MP: 8/8
  2237 | D:3      | Found an iron altar of Okawaru.
  2300 | D:3      | XOM: silly message
  2349 | D:3      | XOM: silly message
  2376 | D:3      | XOM: divination: detect creatures
  2712 | D:3      | Found a snail-covered altar of Cheibriados.
  2715 | D:3      | XOM: butterfly on damage
  2727 | D:3      | HP: 4/81 [orc priest/+0 flail (12)]
  2926 | D:3      | XOM: cloud trail
  2931 | D:3      | XOM: god gift: 14 gold pieces
  3194 | D:3      | Bought an embroidered cloak for 112 gold pieces
  3291 | D:3      | Slain by a phantom

Illustrated notes

Levels and vault maps discovered:
D:1:      sevenhm_arrival_forest_fort_large_2, layout_loops_ring
D:2:      layout_basic, serial_undead, serial_undead_d, serial_undead_e,
          serial_undead_f, serial_undead_d, serial_undead_a, serial_undead_c,
          shapermc_ecumenical_altar_venn
D:3:      layout_basic, lemuel_crystal_altar, lemuel_crystal_altar,
          grunt_dithmenos_smoke_and_mirrors, serial_shops,
          nicolae_lakefront_shop
D:4:      layout_cave_pools, pdpol_temple_overflow_zin_treasury_gozag_greed,
          minmay_temple_entry_nine_rooms
D:5:      layout_basic, minitemple, yredelemnul_forgotten_temple_becter,
          minmay_misc_feat_secret_circle, uniq_edmund
D:6:      layout_gridville, grunt_temple_overflow_magic_moments,
          lemuel_tele_altar, nicolae_wu_jian_wuxing_cycle

Skill      XL: |  1  2  3  4  5  6 |
---------------+-------------------+-----
Dodging        | 1 2 |  2.6
Armour         | 2 3 |  3.0
Polearms       | 1 2 |  2.3
Stealth        | 1 |  1.4
Spellcasting   | 1 |  1.3
Evocations     | 1 |  1.7
Axes           | 4 |  4.2
Fighting       | 4 |  4.1

Action                     |  1- 3 |  4- 6 |  7- 9 || total
---------------------------+-------+-------+-------++-------
  Melee: Hand axe          |    82 |    59 |    40 ||   181
         Dagger            |    78 |    52 |    38 ||   168
  Evoke: Wand              |       |     1 |       ||     1
    Use: Potion            |       |     3 |     6 ||     9
         Scroll            |       |     1 |     6 ||     7
   Stab: Confused          |     1 |     2 |       ||     3
         Paralysed         |     1 |       |       ||     1
         Sleeping          |       |       |     1 ||     1
 Armour: Leather armour    |    53 |    51 |    29 ||   133
         Skin              |       |     3 |       ||     3
         Plate armour      |       |       |    11 ||    11
  Dodge: Dodged            |    40 |    48 |    30 ||   118

Table legend: (Time is in decaauts)
 A = Elapsed time spent in this place.
 B = Non-inter-level travel time spent in this place.
 C = Inter-level travel time spent in this place.
 D = Time resting spent in this place.
 E = Time spent auto-exploring this place.
 F = Levels seen in this place.
 G = Mean time per level.
                   A        B        C        D        E       F      G
               +--------+--------+--------+--------+--------+-----+--------+
         Total |   3302 |   2914 |    388 |    118 |   2229 |   6 |  550.3 |
       Dungeon |   3302 |   2914 |    388 |    118 |   2229 |   6 |  550.3 |
               +--------+--------+--------+--------+--------+-----+--------+

Top non-repeatable levels by time:
     D:3: 1346 daAuts
     D:1: 765 daAuts
     D:2: 694 daAuts
     D:5: 260 daAuts
     D:6: 176 daAuts
     D:4: 58 daAuts
